 Dungeon Crawl Stone Soup version 0.28-a0-683-ga8797d1ae1 (webtiles) character file.

Game seed: 8912769246484385929

294 KoroneIsBestGirl the Skirmisher (level 6, -1/51 HPs)
             Began as a Barachi Fighter on Oct 19, 2021.
             Was an Initiate of Gozag.
             Slain by Natasha (4 damage)
             ... on level 2 of the Dungeon.
             The game lasted 00:02:54 (3379 turns).

KoroneIsBestGirl the Skirmisher (Barachi Fighter)   Turns: 3379, Time: 00:02:55

Health: -1/51      AC:  7    Str: 20    XL:     6   Next: 33%
Magic:  6/6        EV:  9    Int:  8    God:    Gozag
Gold:   291        SH:  5    Dex: 11    Spells: 5/5 levels left

rFire   . . .      SeeInvis .   a - +0 long sword
rCold   . . .      Faith    .   c - +0 buckler
rNeg    . . .      Spirit   .   b - +0 scale mail
rPois   .          Reflect  .   (no helmet)
rElec   .          Harm     .   (no cloak)
rCorr   .          Rampage  .   (no gloves)
Will    .....                   (no boots)
Stlth   ..........              (no amulet)
HPRegen 0.17/turn               (no ring)
MPRegen 0.10/turn               (no ring)

@: gold aura, flying, slow
A: amphibious, slowness 1, strong legs 1, +LOS
a: Hop, Renounce Religion, Potion Petition, Call Merchant, Bribe Branch


You were on level 2 of the Dungeon.
You worshipped Gozag.
Gozag was aware of your devotion.
You visited 1 branch of the dungeon, and saw 3 of its levels.

You collected 316 gold pieces.
You paid 25 gold pieces to Gozag.

Inventory:

Hand Weapons
 a - a +0 long sword (weapon)
Armour
 b - a +0 scale mail (worn)
 c - a +0 buckler (worn)
Scrolls
 e - a scroll of blinking {unknown}
 f - a scroll of vulnerability {unknown}
 h - a scroll of acquirement {unknown}
 i - 4 scrolls of identify {unknown}
 k - a scroll of magic mapping {unknown}
 l - a scroll of enchant armour {unknown}
Potions
 g - a potion of degeneration {unknown}
 m - a potion of resistance {unknown}


   Skills:
 + Level 5.2 Fighting
 + Level 4.4 Long Blades
 + Level 5.1 Armour
 + Level 4.6 Shields


You had 5 spell levels left.
You didn't know any spells.
Your spell library contained the following spells:

 Spells                   Type           Power      Damage    Failure   Level
 Summon Lightning Spire   Summ/Air       0%         N/A       100%        4
 Storm Form               Tmut/Air       0%         N/A       100%        7
 Maxwell's Capacitive Co  Air            0%         ∞         100%        8


Dungeon Overview and Level Annotations

Branches:
Dungeon (3/15)

Altars:
Gozag
The Shining One

Shops:
D:1 **::

Annotations:
D:2 Natasha


Innate Abilities, Weirdness & Mutations

You are amphibious.
You cover ground slowly.
You can hop short distances.
You have an extended range of vision and can be seen from far away.


Message History

The white imp disappears in a puff of smoke!
Natasha casts a spell.
The gnoll hits you but does no damage. You block the gnoll's attack.
The gnoll closely misses you. The gnoll hits you with a +0 whip.
Natasha mewls in sadness.
Natasha howls an incantation.
Natasha's front paws start to glow.
There is an escape hatch in the ceiling here.
Natasha claws you. The gnoll closely misses you.
A mysterious force pulls you upwards. The hatch slams shut behind you.
The shadow imp disappears in a puff of smoke!
It was a potion of flight.
You feel very buoyant.
You fly up into the air.
Natasha claws you. The gnoll barely misses you.
You slash the gnoll!
You kill the gnoll!
Natasha claws you.
* * * LOW HITPOINT WARNING * * *
You hit Natasha but do no damage. Natasha claws you but does no damage.
You slash Natasha!
Natasha is severely wounded.
Natasha stares at you and mumbles some strange words.
The magic dart hits you.
* * * LOW HITPOINT WARNING * * *
You closely miss Natasha.
Natasha is severely wounded.
Natasha claws you.
* * * LOW HITPOINT WARNING * * *
Natasha stares at you and mumbles some strange words.
You resist with some effort.
You hit Natasha.
Natasha is almost dead.
Natasha claws you.
* * * LOW HITPOINT WARNING * * *
You miss Natasha.
Natasha is almost dead.
Natasha claws you.
You die...
Your body crumbles into a pile of gold.

.# #......# #######.##.# #
.# #......# ##########.##.#
# .### #..._..#
#..........##.# ##.#
#......# #.########....#
#.###......#####.#...#
#.####
##................#.#.# #.#
.#.####....#.#....#.#.# #.#
.#...#####.#.#.##h#.#.####.#
......##...#...$@.#.#......#
..##..##.......####.########
..##......#.......#.#
#....###.#........#.# ..#..#
#.#........(.#### ..#..#
#.##....#.......# ###..#
#.#...<.....###.# .....#
#.#.###..##.# #.#
####.###.#.........# #.#


You could see Natasha.

Vanquished Creatures
  An orc warrior (D:3)
  An orc priest (D:3)
  Jessica (D:3)
  An orc wizard (D:3)
  A gnoll (D:2)
  5 adders
  2 worms
  A dart slug (D:1)
  2 orcs (D:3)
  2 ball pythons (D:1)
  8 endoplasms
  4 goblins
  7 hobgoblins
  5 jackals
  6 quokkas
  3 bats
  A frilled lizard (D:2)
  3 kobolds (D:1)
  5 rats
59 creatures vanquished.

Notes
Turn   | Place    | Note
-------+----------+-------------------------------------------
     0 | D:1      | KoroneIsBestGirl the Barachi Fighter began the quest for
                  | the Orb.
     0 | D:1      | Reached XP level 1. HP: 18/18 MP: 1/1
   182 | D:1      | Reached XP level 2. HP: 23/25 MP: 2/2
   713 | D:1      | Found a faded altar of an unknown god.
   719 | D:1      | Found Guhas's Book Shoppe.
   743 | D:1      | Prayed at the altar of an unknown god.
   743 | D:1      | Became a worshipper of the Shining One
   743 | D:1      | Reached * piety under the Shining One
   772 | D:1      | Found Voimnib's Book Shop.
   835 | D:1      | Found Jaittapsud's Assorted Antiques.
   848 | D:1      | Reached XP level 3. HP: 25/30 MP: 3/3
   989 | D:1      | Found Jaxolluh's Assorted Antiques.
  1526 | D:2      | Found an opulent altar of Gozag.
  1534 | D:2      | Fell from the grace of the Shining One
  1534 | D:2      | Became a worshipper of Gozag Ym Sagoz the Greedy
  1932 | D:2      | Reached XP level 4. HP: 32/37 MP: 4/4
  2529 | D:3      | Noticed Jessica
  2539 | D:3      | Killed Jessica
  2809 | D:3      | Reached XP level 5. HP: 40/43 MP: 5/5
  2922 | D:3      | Noticed an orc warrior
  2940 | D:3      | Killed an orc warrior
  2941 | D:3      | Reached skill level 5 in Fighting
  2941 | D:3      | Reached skill level 5 in Armour
  2941 | D:3      | Reached XP level 6. HP: 11/51 MP: 6/6
  3327 | D:3      | Noticed Natasha
  3379 | D:2      | Slain by Natasha

Illustrated notes

Levels and vault maps discovered:
D:1:      beargit_arrival_greenhouse, layout_basic,
          shapermc_ecumenical_altar_pompeii, serial_shops, nicolae_diamond_shop,
          nicolae_lakefront_shop, shop, shop
D:2:      layout_basic, basic_altar
D:3:      layout_basic, uniq_natasha, uniq_jessica

Skill      XL: |  1  2  3  4  5 |
---------------+----------------+-----
Fighting       | 4 5 |  5.2
Armour         | 4 5 |  5.1
Long Blades    | 3 4 |  4.4
Shields        | 4 |  4.6

Action                   |  1- 3 |  4- 6 || total
-------------------------+-------+-------++-------
Melee: Long sword        |   111 |   106 ||   217
 Abil: Hop               |       |     1 ||     1
  Use: Potion            |       |     2 ||     2
 Stab: Distracted        |       |     1 ||     1
Armor: Scale mail        |    65 |    32 ||    97
Dodge: Dodged            |    79 |    42 ||   121
Block: Buckler           |    42 |    32 ||    74

Table legend: (Time is in decaauts)
 A = Elapsed time spent in this place.
 B = Non-inter-level travel time spent in this place.
 C = Inter-level travel time spent in this place.
 D = Time resting spent in this place.
 E = Time spent auto-exploring this place.
 F = Levels seen in this place.
 G = Mean time per level.
                   A        B        C        D        E       F      G
               +--------+--------+--------+--------+--------+-----+--------+
         Total |   3782 |   3640 |    142 |      0 |   3113 |   3 | 1260.7 |
       Dungeon |   3782 |   3640 |    142 |      0 |   3113 |   3 | 1260.7 |
               +--------+--------+--------+--------+--------+-----+--------+

Top non-repeatable levels by time:
     D:1: 1453 daAuts
     D:2: 1412 daAuts
     D:3: 916 daAuts
